 Dungeon Crawl Stone Soup version 0.19.0-2-gae57169 (webtiles) character file.

1106926 Medar the Conqueror (level 27, -2/154 HPs)
             Began as a Gargoyle Gladiator on Nov 5, 2016.
             Was the Champion of the Shining One.
             Killed from afar by a starcursed mass (34 damage)
             ... with an accursed screaming
             ... summoned by an orange crystal statue
             ... on level 5 of the Abyss on Nov 6, 2016.
             The game lasted 04:56:05 (82501 turns).

Medar the Conqueror (Gargoyle Gladiator)           Turns: 82501, Time: 04:56:05

Health: -2/154     AC: 72    Str: 31      XL:     27
Magic:  1/28       EV: 25    Int:  9 (11) God:    the Shining One [******]
Gold:   11057      SH:  0    Dex: 16      Spells: 4 memorised, 19 levels left

rFire  + + .     SeeInvis +     a - +9 great mace (holy)
rCold  + + .     Gourm    .     L - +12 gold dragon scales
rNeg   + + +     Faith    .     (shield currently unavailable)
rPois  ∞         Spirit   .     J - +2 helmet
rElec  +         Reflect  .     k - +2 cloak
rCorr  .         Harm     .     g - +2 pair of gloves {Dex+3}
MR     ++++.     Rnd*Rage +     G - +2 pair of boots {Stlth+}
Stlth  .......... Rnd*Tele +    l - amulet of Vitality {Regen+ HP+15}
                                n - ring of Xom's Flight of Fancy {rF+ Str+6 Int+4}
                                T - ring "Obazifan" {MR+ Str+4 Slay+3 SInv}

@: exhausted, flying, very slightly contaminated, non-regenerating, hasted and
slowed, glowing
A: big wings, hooves 1, repulsion field 1, thin metallic scales 1, thin skeletal
structure 1, berserk 3, blurry vision 3, clumsy 2, cold resistance 1, deformed
body, deterioration 2, dopey 2, frail 3, low mp 3, magic resistance 1, negative
energy resistance 1, screaming 3, electricity resistance, slow regeneration 3,
teleportitis 3, weak 2, unbreathing, petrification resistance, no device heal 3,
rot immunity, subdued magic 3, MP-powered wands, AC +20
a: Stop Flying, Divine Shield, Cleansing Flame, Summon Divine Warrior, Renounce
Religion
}: 10/15 runes: serpentine, barnacled, slimy, silver, golden, demonic, glowing,
magical, fiery, dark


You were on level 5 of the Abyss.
You worshipped the Shining One.
The Shining One was exalted by your worship.
You were not hungry.

You visited 12 branches of the dungeon, and saw 56 of its levels.
You visited Pandemonium 1 time, and saw 48 of its levels.
You visited the Abyss 2 times.
You also visited: Labyrinth, Trove, Bailey, Ice Cave and Wizlab.

You collected 12563 gold pieces.
You spent 1506 gold pieces at shops.

Inventory:

Hand Weapons
 a - a +9 great mace of holy wrath (weapon)
 b - the +7 great mace of Imminent Death {flame, Int+2}
   (You bought it in a shop on level 2 of the Orcish Mines)

   It has been specially enchanted to burn those struck by it, causing extra
   injury to most foes and up to half again as much damage against particularly
   susceptible opponents.
   It affects your intelligence (+2).
Armour
 g - a +2 pair of gloves of dexterity (worn)
 k - a +2 cloak (worn)
 u - +7 pearl dragon scales
 G - a +2 pair of boots of stealth (worn)
 J - a +2 helmet (worn)
 L - +12 gold dragon scales (worn)
Jewellery
 j - the amulet of Nurhap {Spirit rC+}
   (You found it in a labyrinth)

   [amulet of guardian spirit]

   It causes incoming damage to be split between your health and magic.
   It protects you from cold.
 l - the amulet of Vitality (around neck) {Regen+ HP+15}
   (You took it off a greater mummy on level 2 of the Depths)

   [amulet of regeneration]

   It affects your health (+15).
   It increases your rate of regeneration.
 n - the ring of Xom's Flight of Fancy (right hand) {rF+ Str+6 Int+4}
   (You found it on level 5 of the Lair of Beasts)

   [ring of protection from fire]

   It affects your strength (+6).
   It affects your intelligence (+4).
   It protects you from fire.
 y - the ring of Wyfik {rElec rPois rF+ MP-9 Str+3}
   (You took it off a mummy priest on level 2 of the Depths)

   [ring of poison resistance]

   It affects your strength (+3).
   It protects you from fire.
   It insulates you from electricity.
   It protects you from poison.
   It affects your magic capacity (-9).
 T - the ring "Obazifan" (left hand) {MR+ Str+4 Slay+3 SInv}
   (You found it on level 3 of the Crypt)

   [ring of protection from magic]

   It affects your strength (+4).
   It affects your accuracy and damage with ranged weapons and melee attacks
   (+3).
   It affects your resistance to hostile enchantments.
   It lets you see invisible.
 Z - an uncursed ring of resist corrosion
Wands
 c - a wand of digging (12/24)
 e - a wand of teleportation (4/9)
 B - a wand of acid (5/15)
 C - a wand of teleportation (3/9)
 F - a wand of paralysis (11/24)
 H - a wand of heal wounds (5/9)
 R - a wand of disintegration (17/24)
 S - a wand of hasting (4/9)
 V - a wand of teleportation (0/9)
 Y - a wand of iceblast (10/15)
Scrolls
 h - 11 scrolls of recharging
 o - 4 scrolls of enchant weapon
 p - 15 scrolls of teleportation
 s - 11 scrolls of magic mapping {@r3}
 t - 2 scrolls of holy word
 x - 7 scrolls of fear
 D - 20 scrolls of identify {@r2}
 E - 7 scrolls of summoning
 I - 5 scrolls of fog
 M - 7 scrolls of blinking
 N - 29 scrolls of remove curse {@r1}
 O - 4 scrolls of silence {!r}
Potions
 d - 2 potions of cancellation
 i - 26 potions of curing {@q1}
 m - 3 potions of ambrosia
 v - 3 potions of berserk rage {!q}
 w - 4 potions of resistance
 z - a potion of beneficial mutation
 A - 11 potions of agility
 K - 4 potions of haste
 P - 7 potions of cure mutation {!q}
 U - 7 potions of might
 W - 9 potions of magic
 X - 11 potions of heal wounds
Comestibles
 f - 43 bread rations {@e1}
 q - 49 fruits {@e3}
 r - 11 meat rations {@e2}


   Skills:
 O Level 27 Fighting
 - Level 24.9 Maces & Flails
 - Level 1.7 Throwing
 O Level 27 Armour
 + Level 25.5 Dodging
   Level 3.3 Shields
 O Level 27 Invocations
 + Level 18.0 Evocations


You had 19 spell levels left.
You knew the following spells:

 Your Spells              Type           Power        Failure   Level  Hunger
e - Swiftness             Chrm/Air       #.......     99%         2    ###....
p - Apportation           Tloc           #.........   98%         1    ##.....
r - Repel Missiles        Chrm/Air       #.....       99%         2    ###....
w - Blink                 Tloc           N/A          99%         2    ###....


Dungeon Overview and Level Annotations

Branches:
Dungeon (15/15)            Temple (0/1) D:5            Lair (6/6) D:8
 Shoals (4/4) Lair:4        Snake (4/4) Lair:2        Slime (5/5) Lair:6
    Orc (2/2) D:11            Elf (3/3) Orc:2        Vaults (5/5) D:13
  Crypt (3/3) Vaults:2       Tomb (3/3) Crypt:3      Depths (5/5) D:15
   Hell (1/1)                 Dis (0/7) Hell            Geh (0/7) Hell
    Coc (0/7) Hell            Tar (0/7) Hell            Zot (0/5) Depths:5

Altars:
Dithmenos
Gozag
Makhleb
Okawaru
Sif Muna
Trog
Vehumet
Yredelemnul
The Shining One
Jiyva

Shops:
Orc:1 %[   Orc:2 *[(:=(!=[   Elf:2 [   Snake:3 :(   Vaults:2 =*%*?

Portals:
Hell: Depths:1 Depths:2 Depths:3 Depths:4 Depths:5
Abyss: Depths:1 Depths:2 Depths:4
Pandemonium: Depths:3 Depths:4 Depths:5
Ziggurat: Depths:2


Innate Abilities, Weirdness & Mutations

You are resistant to torment.
Your stone body is resilient. (AC +20)
You are immune to poison.
Your large and strong wings let you fly indefinitely.
You resist negative energy. (rN+)
You are resistant to electric shocks. (rElec)
You can survive without breathing.
You are immune to petrification.
You are immune to rotting.
You have large cloven feet.
You are surrounded by a mild repulsion field. (EV +2)
You are partially covered in thin metallic scales. (AC +2)
You have a somewhat thin skeletal structure. (Dex +2, Stealth)
You are very clumsy. (Dex -4)
Your flesh is cold resistant. (rC+)
Armour fits poorly on your strangely shaped body.
You are very dopey. (Int -4)
You are extremely frail. (-30% HP)
Your magical capacity is extremely low. (-30% MP)
You are resistant to hostile enchantments. (MR+)
You frequently scream uncontrollably at your foes.
You are very weak. (Str -4)
You expend magic power (3 MP) to strengthen your wands.
[You have an uncontrollable temper.]
[Scrolls take you much longer to read.]
[Your body often deteriorates upon taking damage.]
[You do not regenerate.]
[You are often teleported next to monsters.]
[Potions and wands cannot restore your health.]
[Your spells are much easier to cast, but much less powerful.]


Message History

A starcursed mass splits.
A spatial maelstrom comes into view.
A cacophony of accursed wailing tears at your sanity!
* * * LOW HITPOINT WARNING * * *
You are too berserk!
You feel a strong urge to attack something.
You are no longer berserk.
You are exhausted.
You feel yourself slow down.
Evoke which item? (* to show all) (? for menu, Esc to quit)
Zapping:
S - a wand of hasting (5/9)
Press: ? - help, Shift-Dir - straight line, f - you You feel yourself speed up.
You are very lightly contaminated with residual magic.
This wand has 4 charges left.
A starcursed mass splits.
The wretched star pulses with an eldritch light!
You see a puff of smoke.
A starcursed mass splits.
You see a puff of smoke.
A starcursed mass splits.
You see a puff of smoke.
A cacophony of accursed wailing tears at your sanity!
You die...

# . .. ...##. #
.#.##.#. .# . # #
.. ..... .# #
.... ...#. ## #
## . #.###...## .
#..#...#h##4## #.
### #†∩#######.
.#. #
..#####X≈@≈X###
#.
.....Z##XX≈≈≈XX.#
#..
...###.XXXXXXX..#
# #..


##.XXX*XXXvv## # # ### #....XXXXXXφ#. . #.#......XXXX#2.## ## ######....XXX†.vv#
. .##.§§§≈.....v You could see 28 starcursed masses, a spatial maelstrom, a
wretched star, 4 spatial vortices, 4 thrashing horrors, a hellion, a raiju, a
chaos spawn and a stone giant zombie.

Vanquished Creatures
  Cerebov (Pan)
  the Royal Jelly (Slime:5)
  Mnoleg (Pan)
  Lom Lobon (Pan)
  Mennas (Tomb:1)
  A juggernaut (Depths:5)
  12 pandemonium lords (Pan)
  6 ancient liches
  32 greater mummies
  Boris (Vaults:4)
  Bai Suzhen (Depths:1)
  Vashnia (Snake:3)
  Saint Roka (D:15)
  4 caustic shrikes
  Xtahua (Depths:2)
  Geryon (Hell)
  2 profane servitors
  5 golden dragons
  3 bone dragons
  Nikola (Depths:1)
  A mutant beast (WizLab)
  10 Tzitzimimeh (Pan)
  6 Brimstone Fiends (Pan)
  Jorgrun (Depths:3)
  2 hellephants
  11 Hell Sentinels (Pan)
  4 tentacled monstrosities
  10 liches
  6 titans
  7 Ice Fiends (Pan)
  2 deep elf master archers (Elf:3)
  A deep elf blademaster (Elf:2)
  2 quicksilver dragons
  26 acid blobs
  13 sphinxes
  25 Executioners (Pan)
  Frances (D:14)
  Kirke (D:13)
  8 tentacled starspawn
  6 ancient champions
  Donald (Shoals:2)
  8 tengu reavers
  4 shadow dragons (Vaults:5)
  7 storm dragons
  Ilsuiw (Shoals:4)
  A revenant (Tomb:1)
  6 draconian monks (Depths:5)
  28 azure jellies
  10 deep elf sorcerers
  11 fire giants
  8 nagarajas
  4 iron dragons
  3 ghost moths (Pan)
  18 frost giants
  34 cacodemons
  14 vault wardens
  39 balrugs
  3 curse skulls
  Aizul (Snake:1)
  4 deep elf elementalists
  23 ironheart preservers
  2 draconian zealots
  11 warmongers (Pan)
  An angel (Abyss:5)
  5 war gargoyles
  2 ghouls
  6 draconian annihilators
  18 blood saints (Pan)
  17 reapers
  28 very ugly things
  An ophan (Abyss:5)
  5 deep elf demonologists
  12 corrupters (Pan)
  The ghost of jacquesderrida the Brawler, a journeyman VSWn of Okawaru (Snake:3)
  18 black suns (Pan)
  6 green draconians
  2 entropy weavers
  12 vampire knights
  28 stone giants
  4 bennus
  4 black draconians (Depths:5)
  16 lorocyprocas
  7 red draconians (Depths:5)
  2 purple draconians (Depths:5)
  16 deep elf annihilators
  3 white draconians (Depths:5)
  2 spark wasps (Depths:4)
  Snorg (D:14)
  12 deep elf death magi
  31 blizzard demons (Pan)
  32 mummy priests
  16 green deaths (Pan)
  7 merfolk javelineers
  A crystal guardian (Abyss:5)
  3 eidola
  Fannar (Lair:3)
  A minotaur (Lab)
  A great orb of eyes (shapeshifter) (Abyss:5)
  15 ettins
  5 deep elf high priests
  6 merfolk impalers
  13 fire dragons
  7 ice dragons
  11 death oozes
  A quicksilver dragon skeleton (Pan)
  2 quicksilver dragon zombies
  A kraken zombie (Hell)
  10 ogre magi
  13 great orbs of eyes
  15 monstrous demonspawn (Pan)
  16 yaktaur captains
  12 jiangshi
  10 spriggan air magi
  6 hydras
  12 anacondas
  11 rakshasas
  7 death knights
  11 naga warriors
  5 hell beasts (Pan)
  26 vault guards
  2 catoblepae (Depths:1)
  6 merfolk aquamancers
  5 merfolk avatars
  2 satyrs
  Erica (Orc:1)
  8 centaur warriors
  33 death scarabs
  20 naga sharpshooters
  7 vampire magi
  14 deep troll earth magi
  14 deep troll shamans
  A spriggan berserker (Depths:5)
  10 hell hogs
  10 tengu warriors
  14 thrashing horrors
  25 dancing weapons
  10 death yaks
  Urug (D:14)
  6 holy swine (Pan)
  102 sun demons
  6 shock serpents
  23 deep elf knights
  Nergalle (Lair:3)
  An iron golem (WizLab)
  A titan zombie (Hell)
  48 soul eaters
  2 titan skeletons
  12 wretched stars
  A death drake (shapeshifter) (Depths:3)
  2 fire crabs (Shoals:3)
  19 hell knights
  5 spatial maelstroms (Abyss:5)
  A storm dragon zombie (Crypt:3)
  A death drake (Depths:5)
  40 skeletal warriors
  5 iron trolls
  44 sixfirhies
  2 storm dragon skeletons
  2 golden dragon zombies (Hell)
  9 infernal demonspawn (Pan)
  12 sea snakes
  10 shadow wraiths
  2 salamander mystics
  An unseen horror (shapeshifter) (WizLab)
  An orange crystal statue (Abyss:5)
  17 torturous demonspawn
  12 unseen horrors
  A kraken simulacrum (Hell)
  16 shadow demons (Pan)
  10 wizards
  44 deep trolls
  13 glowing orange brains
  12 flayed ghosts
  5 naga ritualists
  2 anaconda zombies (Hell)
  22 gelid demonspawn (Pan)
  An obsidian statue (Vaults:2)
  A swamp dragon (shapeshifter) (Depths:3)
  8 hill giants
  13 deep elf archers
  A sphinx zombie (Hell)
  4 lindwurms (Depths:5)
  14 harpies
  16 necromancers
  11 phantasmal warriors
  2 fire giant zombies
  A harpy (shapeshifter) (Abyss:3)
  3 iron dragon zombies
  25 ironbrand convokers
  2 shadow dragon skeletons
  9 orc sorcerers
  2 stone giant zombies
  An orb spider (shapeshifter) (WizLab)
  A frost giant zombie (Hell)
  11 orc knights
  2 shining eyes (Slime:5)
  70 ugly things
  12 mana vipers
  14 cyclopes
  83 deep elf magi
  9 fauns
  6 worldbinders
  4 wolf spiders
  48 starcursed masses
  An iron dragon skeleton (Hell)
  12 manticores
  3 salamanders (shapeshifter)
  6 elephants (Lair:6)
  10 sirens
  A centaur zombie (D:10)
  11 salamanders
  5 guardian serpents (shapeshifter)
  2 stone giant skeletons
  An ice statue (IceCv)
  4 black mambas (shapeshifter)
  2 fire giant skeletons
  6 guardian serpents
  3 water nymphs
  An eye of devastation (shapeshifter) (Vaults:5)
  An eye of devastation (Slime:1)
  7 rust devils
  Joseph (D:7)
  35 black mambas
  54 orange demons
  2 apocalypse crabs (Abyss:5)
  19 vault sentinels
  A water nymph (shapeshifter) (WizLab)
  2 white draconian zombies
  73 smoke demons
  6 spiny frogs
  A storm dragon simulacrum (Hell)
  28 naga magi
  11 hellions
  6 gargoyles
  A rime drake (shapeshifter) (Vaults:3)
  7 komodo dragons
  An anaconda simulacrum (Crypt:2)
  13 demonic crawlers
  10 freezing wraiths
  10 tormentors
  2 kobold demonologists
  4 tengu conjurers
  12 efreet
  2 yaktaur zombies (Hell)
  4 rime drakes
  A golden dragon simulacrum (Abyss:5)
  3 yaktaurs (shapeshifter)
  11 ancient zymes
  15 ice devils
  3 hydra zombies
  42 hellwings
  48 red devils
  A komodo dragon (shapeshifter) (WizLab)
  71 yaktaurs
  54 guardian mummies
  9 trolls
  40 merfolk
  2 catoblepas skeletons
  2 jumping spiders (shapeshifter)
  A meliai (shapeshifter) (WizLab)
  A sphinx simulacrum (Vaults:3)
  A tyrant leech (shapeshifter) (WizLab)
  A hornet (shapeshifter) (Vaults:5)
  26 polar bears
  A wind drake (shapeshifter) (WizLab)
  4 polar bears (shapeshifter)
  2 queen bees (shapeshifter)
  20 wind drakes
  A hydra skeleton (Abyss:5)
  Prince Ribbit (Lair:4)
  18 two-headed ogres
  21 blink frogs
  Grinder (D:4)
  A two-headed ogre (shapeshifter) (Abyss:1)
  A blink frog (shapeshifter) (Vaults:5)
  A guardian serpent zombie (Crypt:1)
  A dream sheep (shapeshifter) (Depths:5)
  5 hornets
  7 hippogriffs
  11 snapping turtles
  2 ice dragon zombies (Hell)
  8 dream sheep
  78 slime creatures
  2 deep troll zombies
  17 raiju
  12 air elementals
  3 fire dragon zombies
  17 flying skulls
  2 ettin zombies
  2 redbacks (Vaults:1)
  A tarantella (Vaults:1)
  43 ynoxinuls
  4 shadows
  12 water elementals
  A spriggan (Depths:5)
  3 ettin skeletons
  69 large abominations
  Sigmund (D:5)
  A tarantella (shapeshifter) (WizLab)
  A fire dragon skeleton (Pan)
  2 yaks (shapeshifter) (WizLab)
  A fire bat (Shoals:3)
  66 yaks
  8 vampires
  3 alligator skeletons
  10 fire elementals
  A golden eye (shapeshifter) (WizLab)
  3 hogs (D:13)
  2 humans (shapeshifter)
  A wyvern (D:11)
  A wyvern (shapeshifter) (WizLab)
  7 wraiths
  23 ushabtiu
  3 basilisks
  9 golden eyes
  44 chaos spawn
  9 wargs
  7 hungry ghosts
  4 vampire mosquitoes (D:12)
  45 neqoxecs
  A harpy simulacrum (Hell)
  9 spatial vortices (Abyss:5)
  A catoblepas simulacrum (Tomb:3)
  An insubstantial wisp (Abyss:5)
  A hydra simulacrum (Hell)
  A soldier ant (D:14)
  A spiny frog zombie (Abyss:3)
  58 nagas
  8 water moccasins
  4 floating eyes
  15 hell hounds
  A floating eye (shapeshifter) (Vaults:1)
  An orb spider zombie (Crypt:1)
  An ice beast (shapeshifter) (Abyss:3)
  25 orc warriors
  A sky beast (shapeshifter) (Vaults:5)
  A sky beast (D:6)
  13 ice beasts
  5 porcupines
  An alligator simulacrum (Hell)
  A spiny frog skeleton (Hell)
  17 black bears
  3 swamp drakes (Depths:5)
  A black bear (shapeshifter) (WizLab)
  9 eyes of draining
  An ice dragon simulacrum (Hell)
  53 ogres
  4 phantoms
  3 necrophages
  11 boggarts (Vaults:1)
  23 wolves
  21 centaurs
  A manticore skeleton (Crypt:3)
  7 crocodiles
  4 big kobolds
  17 bullfrogs
  10 earth elementals
  2 water moccasin zombies
  3 wyvern zombies
  3 scorpions
  31 small abominations
  11 killer bees
  A troll zombie (D:11)
  2 spriggan zombies
  7 wights
  6 electric eels
  5 howler monkeys
  11 crimson imps
  A troll skeleton (Crypt:1)
  A wolf skeleton (Crypt:2)
  A basilisk zombie (Crypt:2)
  2 bullfrog zombies
  3 quasits
  15 orc priests
  6 iron imps
  5 jellies
  2 gnoll shamans
  A soldier ant zombie (Crypt:1)
  21 hounds
  2 bullfrog skeletons
  4 centaur skeletons
  20 orc wizards
  A human zombie (Hell)
  A human skeleton (Crypt:3)
  8 iguanas
  12 worker ants
  9 hell rats (Hell)
  A felid zombie (Crypt:1)
  5 ogre zombies (D:11)
  An ogre skeleton (Crypt:2)
  A hound skeleton (D:6)
  50 mummies
  A worker ant zombie (D:5)
  19 gnolls
  16 adders
  A steam dragon zombie (Crypt:2)
  6 shadow imps
  4 white imps (Abyss:1)
  5 ufetubi
  7 oozes
  2 adder skeletons
  3 adder zombies
  8 worms
  2 dart slugs (D:1)
  5 leopard geckos
  67 orcs
  10 bats
  7 giant cockroaches
  A gnoll zombie (Crypt:1)
  25 goblins
  18 hobgoblins
  9 jackals
  4 quokkas
  A ball python (D:5)
  6 frilled lizards
  A goblin zombie (D:11)
  A hobgoblin skeleton (D:11)
  3 hobgoblin zombies (D:11)
  11 kobolds
  A leopard gecko skeleton (D:7)
  A leopard gecko zombie (D:5)
  2 orc skeletons (D:11)
  12 orc zombies (D:11)
  A quokka skeleton (D:6)
  7 rats
  A fire vortex (Pan)
  A lurking horror (Abyss:5)
  2 plants (Lair:6)
  5 starspawn tentacles
  4 tentacles (Hell)
  A withered plant (Crypt:3)
4276 creatures vanquished.

Vanquished Creatures (collateral kills)
  Gloorx Vloq (Pan)
  A pandemonium lord (Pan)
  An ancient lich (Crypt:3)
  A juggernaut (Depths:4)
  3 greater mummies (Tomb:1)
  A tentacled monstrosity (Vaults:5)
  2 deep elf blademasters (Elf:3)
  An Executioner (Pan)
  2 azure jellies (Slime:5)
  A vault warden (Vaults:5)
  A curse skull (Crypt:3)
  Louise (D:14)
  A war gargoyle (Crypt:3)
  A deep elf annihilator (Elf:3)
  A spark wasp (Depths:4)
  A mummy priest (Tomb:1)
  2 merfolk javelineers (Shoals:4)
  3 ettins
  2 death oozes (Slime:5)
  A merfolk impaler (Shoals:4)
  A great orb of eyes (Slime:5)
  5 vault guards (Vaults:5)
  3 naga warriors
  A death knight (Vaults:1)
  2 centaur warriors
  An ogre mage (Vaults:5)
  3 death scarabs (Tomb:1)
  A naga sharpshooter (Snake:4)
  A tengu warrior (D:14)
  A skeletal warrior (Crypt:3)
  A soul eater (Pan)
  5 deep elf knights
  A deep troll (Vaults:5)
  A naga ritualist (Snake:4)
  A wizard (Vaults:1)
  A phantasmal warrior (Vaults:5)
  3 deep elf archers
  A deep elf mage (Vaults:3)
  4 ugly things
  A cyclops (Orc:2)
  A black mamba (shapeshifter) (WizLab)
  A guardian serpent (shapeshifter) (WizLab)
  A naga mage (Snake:4)
  A hellion (Pan)
  An orange demon (Pan)
  A hellwing (Pan)
  A yaktaur (Vaults:5)
  A guardian mummy (Tomb:1)
  A red devil (Pan)
  A polar bear (shapeshifter) (WizLab)
  A flying skull (Tomb:1)
  A fire elemental (Elf:3)
  An ushabti (Tomb:1)
  A wraith (Vaults:4)
  A vampire (Crypt:3)
  A neqoxec (Pan)
  A warg (Vaults:1)
  2 hell hounds (Pan)
  A floating eye (WizLab)
  An orc warrior (Vaults:5)
  An ogre (Vaults:5)
  A snapping turtle zombie (Tomb:1)
  A wyvern zombie (D:14)
  A human simulacrum (Vaults:2)
  A mummy (Tomb:1)
  An orc (Vaults:1)
  A fungus (Orc:2)
94 creatures vanquished.

Vanquished Creatures (others)
  Frederick (Tomb:2)
  A titan (Pan)
  An eldritch tentacle (Vaults:4)
  A revenant (Tomb:1)
  A death scarab (Tomb:2)
  A sun demon (Pan)
  A hell knight (Depths:5)
  A stone giant zombie (Tomb:2)
  A tengu conjurer (Depths:3)
  A wind drake (Pan)
  A red devil (Pan)
  A polar bear (IceCv)
  A raiju (Abyss:5)
  2 ettin zombies
  A small abomination (Abyss:5)
  An ushabti (Tomb:3)
  6 flying skulls (Tomb:3)
  A water elemental (Hell)
  A neqoxec (Abyss:5)
  A naga (Snake:2)
  3 ogres
  A centaur (Vaults:3)
  A starcursed mass (Abyss:5)
  A jelly (D:15)
  An orc priest (D:14)
  An orc wizard (D:14)
  A hell rat (Depths:5)
  A mummy (Tomb:2)
  3 ball lightnings (Pan)
  2 orcs
  A demonic plant (Pan)
  6 fungi (Lair:6)
  A lurking horror (Abyss:5)
  33 plants
  11 starspawn tentacles
  6 tentacles (Hell)
  17 withered plants (Crypt:3)
116 creatures vanquished.

Grand Total: 4486 creatures vanquished

Notes
Turn   | Place    | Note
-------+----------+-------------------------------------------
     0 | D:1      | Medar the Gargoyle Gladiator began the quest for the Orb.
     0 | D:1      | Reached XP level 1. HP: 12/12 MP: 1/1
   181 | D:1      | Reached XP level 2. HP: 17/17 MP: 2/2
   519 | D:1      | Reached XP level 3. HP: 20/21 MP: 3/3
   720 | D:2      | Found a radiant altar of Vehumet.
   818 | D:2      | Reached XP level 4. HP: 24/26 MP: 4/4
   920 | D:2      | Found a glowing golden altar of the Shining One.
   928 | D:2      | Reached skill level 5 in Maces & Flails
  1501 | D:3      | Reached XP level 5. HP: 30/30 MP: 5/5
  2086 | D:4      | Reached XP level 6. HP: 35/35 MP: 6/6
  2096 | D:4      | Noticed Grinder
  2425 | D:4      | Paralysed by Grinder for 6 turns
  2442 | D:4      | Killed Grinder
  2442 | D:4      | Reached XP level 7. HP: 40/40 MP: 7/7
  2863 | D:2      | Became a worshipper of the Shining One
  3017 | D:5      | Entered Level 5 of the Dungeon
  3039 | D:5      | Noticed Sigmund
  3054 | D:5      | Killed Sigmund
  3406 | D:5      | Got a fine chain mail
  3420 | D:5      | Reached XP level 8. HP: 36/44 MP: 8/8
  3466 | D:5      | Identified the +7 chain mail of Sygher {Int+6} (You took it off an orc on level 5 of the Dungeon)
  3703 | D:5      | Reached skill level 1 in Armour
  3725 | D:5      | Found a staircase to the Ecumenical Temple.
  4129 | D:6      | Reached * piety under the Shining One
  4289 | D:6      | Reached skill level 10 in Maces & Flails
  4308 | D:6      | Reached XP level 9. HP: 48/48 MP: 9/9
  4342 | D:6      | Found a burning altar of Makhleb.
  4375 | D:6      | Reached skill level 5 in Armour
  4383 | D:6      | Found an iron altar of Okawaru.
  4455 | D:6      | Found a basalt altar of Yredelemnul.
  4836 | D:7      | Noticed Joseph
  4843 | D:7      | Killed Joseph
  5150 | D:7      | Found a shadowy altar of Dithmenos.
  5256 | D:7      | Reached XP level 10. HP: 53/53 MP: 10/10
  5269 | D:7      | Found an opulent altar of Gozag.
  5316 | D:7      | Reached ** piety under the Shining One
  5963 | D:8      | Reached *** piety under the Shining One
  6228 | D:8      | Found a staircase to the Lair.
  6410 | Lair:1   | Entered Level 1 of the Lair of Beasts
  6516 | Lair:1   | Noticed a seven-headed hydra
  6665 | Lair:1   | Reached skill level 1 in Evocations
  7065 | Lair:2   | Found a staircase to the Snake Pit.
  7065 | Lair:2   | Noticed a guardian serpent
  7079 | Lair:2   | Killed a guardian serpent
  7079 | Lair:2   | Reached XP level 11. HP: 62/62 MP: 12/12
  7128 | Lair:2   | Reached skill level 10 in Armour
  7190 | Lair:2   | Killed a seven-headed hydra
  7190 | Lair:2   | Reached skill level 5 in Fighting
  7764 | Lair:2   | Reached skill level 5 in Dodging
  8205 | Lair:3   | Noticed Nergalle
  8226 | Lair:3   | Killed Nergalle
  8590 | Lair:3   | Noticed Fannar
  8615 | Lair:3   | Killed Fannar
  8707 | Lair:3   | Noticed a four-headed hydra
  8707 | Lair:3   | Reached **** piety under the Shining One
  8720 | Lair:3   | Killed a four-headed hydra
  8720 | Lair:3   | Reached XP level 12. HP: 68/73 MP: 13/13
  9094 | Lair:4   | Found a frozen archway.
  9145 | IceCv    | Entered an ice cave
  9945 | IceCv    | Noticed a frost giant
  9945 | IceCv    | Noticed a death yak
  9968 | IceCv    | Killed a death yak
 10029 | IceCv    | Killed a frost giant
 10029 | IceCv    | Reached skill level 10 in Fighting
 10029 | IceCv    | Reached XP level 13. HP: 25/82 MP: 14/14
 10498 | Lair:4   | Noticed Prince Ribbit
 10513 | Lair:4   | Killed Prince Ribbit
 10883 | Lair:4   | Found a staircase to the Shoals.
 11632 | Lair:5   | Got a clouded tin ring
 11634 | Lair:5   | Identified the ring of Xom's Flight of Fancy {rF+ Str+6 Int+4} (You found it on level 5 of the Lair of Beasts)
 11833 | Lair:6   | Entered Level 6 of the Lair of Beasts
 11896 | Lair:6   | Reached ***** piety under the Shining One
 11929 | Lair:6   | Reached skill level 1 in Invocations
 12397 | Lair:6   | Reached skill level 5 in Invocations
 12595 | Lair:6   | Found a staircase to the Slime Pits.
 13064 | Lair:6   | Gained mutation: Your large and strong wings let you fly indefinitely. [Gargoyle growth]
 13064 | Lair:6   | Reached XP level 14. HP: 84/90 MP: 18/18
 14331 | D:9      | Got a brightly glowing dire flail
 14337 | D:9      | Identified the +3 dire flail "Payxuteu" {freeze, *Drain +Inv Dex+3} (You found it on level 9 of the Dungeon)
 14733 | D:9      | Found a deep blue altar of Sif Muna.
 14909 | D:9      | Found a bloodstained altar of Trog.
 14995 | D:10     | Entered Level 10 of the Dungeon
 15627 | D:11     | Reached ****** piety under the Shining One
 15700 | D:11     | Found a staircase to the Orcish Mines.
 16506 | Orc:1    | Entered Level 1 of the Orcish Mines
 16506 | Orc:1    | Found Rubufrom's Antique Armour Boutique.
 16512 | Orc:1    | Noticed Erica
 16522 | Orc:1    | Killed Erica
 16569 | Orc:1    | Found Dozula's Food Shop.
 16652 | Orc:1    | Found a flagged portal.
 16686 | Bailey   | Entered a bailey
 16734 | Bailey   | Found an iron altar of Okawaru.
 16978 | Bailey   | Got a polished scale mail
 16989 | Bailey   | Identified the +2 scale mail "Xiocehih" {-Tele rPois MR+ rCorr} (You found it in a bailey)
 17513 | Orc:2    | Entered Level 2 of the Orcish Mines
 17513 | Orc:2    | Found Untism's Jewellery Shop.
 17556 | Orc:2    | Noticed a stone giant
 17557 | Orc:2    | Found Anivac's Book Emporium.
 17566 | Orc:2    | Killed a stone giant
 17608 | Orc:2    | Found a labyrinth entrance.
 17619 | Lab      | Entered a labyrinth
 18594 | Lab      | Identified the Incunabulum of Patterns
 18595 | Lab      | Got a clouded diamond amulet
 18595 | Lab      | Got a slimy silver amulet
 18595 | Lab      | Got a wizard robe
 18659 | Orc:2    | Reached XP level 15. HP: 97/97 MP: 20/20
 18709 | Orc:2    | Found Dahel's Jewellery Shoppe.
 18713 | Orc:2    | Found Ewnidd's Distillery.
 18715 | Orc:2    | Bought an uncursed ring of protection from magic for 325 gold pieces
 18786 | Orc:2    | Found Xiann's Antique Armour Shop.
 18806 | Orc:2    | Found Koryonav's General Store.
 19541 | Orc:2    | Found Unogimos's Antique Armour Emporium.
 19851 | Orc:2    | Found a staircase to the Elven Halls.
 19866 | Orc:2    | Found Atibuuwk's Antique Weapon Shoppe.
 19874 | Orc:2    | Bought a jewelled great mace for 414 gold pieces
 19874 | Orc:2    | Identified the +7 great mace of Imminent Death {flame, Int+2} (You bought it in a shop on level 2 of the Orcish Mines)
 19908 | Orc:2    | Bought a runed cloak for 199 gold pieces
 19908 | Orc:2    | Bought a pair of runed gloves for 199 gold pieces
 19964 | Orc:2    | Identified a +5 great mace of holy wrath (a +3 great mace of flaming blessed by the Shining One)
 19964 | Orc:2    | Received a gift from the Shining One
 20015 | Orc:2    | Found Utyust's Antique Weapon Shoppe.
 20032 | Orc:2    | Bought a potion of heal wounds for 70 gold pieces
 20339 | Orc:2    | Identified the amulet of Xom's Sleight of Hands {Inacc rC+ rN+ Str-5} (You found it in a labyrinth)
 20341 | Orc:2    | Identified the amulet of Nurhap {Spirit rC+} (You found it in a labyrinth)
 20473 | D:12     | Got a slimy rapier
 20682 | D:12     | Got a faintly glowing shield
 21197 | D:13     | Noticed Kirke
 21275 | D:13     | Killed Kirke
 21350 | D:13     | Reached skill level 15 in Maces & Flails
 21600 | D:13     | Found a gate to the Vaults.
 21885 | D:14     | Noticed Louise
 21889 | D:14     | Cast into level 3 of the Abyss (Louise)
 21896 | D:14     | Escaped the Abyss
 21916 | D:14     | Killed Louise
 22064 | D:14     | Noticed Snorg
 22070 | D:14     | Killed Snorg
 22154 | D:14     | Got a warped flail
 22525 | D:14     | Noticed Urug
 22535 | D:14     | Killed Urug
 22577 | D:14     | Noticed Frances
 22591 | D:14     | Killed Frances
 22686 | D:15     | Entered Level 15 of the Dungeon
 22746 | D:15     | Reached XP level 16. HP: 75/103 MP: 15/22
 23203 | D:15     | Found a staircase to the Depths.
 23480 | Snake:1  | Entered Level 1 of the Snake Pit
 24049 | Snake:1  | Noticed Aizul
 24060 | Snake:1  | Killed Aizul
 24065 | Snake:1  | Gained mutation: You have large cloven feet. [mutagenic meat]
 24066 | Snake:1  | Gained mutation: You are partially covered in thin metallic scales. (AC +2) [mutagenic meat]
 24067 | Snake:1  | Gained mutation: You are surrounded by a mild repulsion field. (EV +2) [mutagenic meat]
 24068 | Snake:1  | Gained mutation: You occasionally shout uncontrollably at your foes. [mutagenic meat]
 24333 | Snake:1  | Gained mutation: You expend magic power (3 MP) to strengthen your wands. [mutagenic meat]
 24334 | Snake:1  | Gained mutation: You have a somewhat thin skeletal structure. (Dex +2, Stealth) [mutagenic meat]
 24338 | Snake:1  | Gained mutation: You possess an exceptional clarity of mind. [mutagenic meat]
 24610 | Snake:2  | Noticed a nagaraja
 24610 | Snake:2  | Noticed a nagaraja
 24619 | Snake:2  | Killed a nagaraja
 24678 | Snake:2  | Killed a nagaraja
 25161 | Snake:2  | Reached XP level 17. HP: 87/108 MP: 19/23
 25622 | Snake:3  | Noticed Vashnia
 25622 | Snake:3  | Noticed jacquesderrida's ghost (journeyman VSWn)
 25649 | Snake:3  | Killed jacquesderrida's ghost
 26314 | Snake:3  | Killed Vashnia
 26577 | Snake:3  | Found Ybucw's Weapon Boutique.
 26583 | Snake:3  | Found Bomeha's Book Boutique.
 26767 | Snake:3  | Reached skill level 15 in Armour
 27090 | Snake:4  | Entered Level 4 of the Snake Pit
 27834 | Snake:4  | Reached XP level 18. HP: 62/116 MP: 6/25
 28432 | Snake:4  | Got a serpentine rune of Zot
 28779 | Shoals:1 | Entered Level 1 of the Shoals
 28899 | Shoals:1 | Reached skill level 10 in Invocations
 29472 | Shoals:2 | Noticed Donald
 29486 | Shoals:2 | Killed Donald
 29586 | Shoals:2 | Reached skill level 15 in Fighting
 29709 | Shoals:2 | Reached skill level 10 in Dodging
 30932 | Shoals:4 | Entered Level 4 of the Shoals
 31156 | Shoals:4 | Noticed Ilsuiw
 31173 | Shoals:4 | Killed Ilsuiw
 31309 | Shoals:4 | Reached XP level 19. HP: 64/124 MP: 24/27
 31574 | Shoals:4 | Got a polished scale mail
 31613 | Shoals:4 | Identified the cursed +0 scale mail of the Solstice {MR+ Int+6} (You found it on level 4 of the Shoals)
 31783 | Shoals:4 | Got a transparent glass ring
 31796 | Shoals:4 | Got a barnacled rune of Zot
 31800 | Shoals:4 | Identified the ring of Woawnid {*Slow rF++ MP+9 Str+3 SInv} (You took it off a merfolk impaler on level 4 of the Shoals)
 32714 | Vaults:1 | Entered Level 1 of the Vaults
 34356 | Vaults:1 | Reached XP level 20. HP: 134/134 MP: 29/29
 34811 | Vaults:2 | Found Vatt's Assorted Antiques.
 35460 | Vaults:2 | Found a portal to a secret trove of treasure.
 35639 | Vaults:2 | Found Biakeplu's Food Emporium.
 35651 | Vaults:2 | Found Fefupam's Magic Scroll Boutique.
 35656 | Vaults:2 | Found Qohuxzen's Assorted Antiques.
 35659 | Vaults:2 | Bought a scroll of blinking for 112 gold pieces
 35659 | Vaults:2 | Bought a scroll of teleportation for 45 gold pieces
 35659 | Vaults:2 | Bought a scroll of summoning for 142 gold pieces
 36107 | Vaults:2 | Found Vaebbax's Jewellery Shoppe.
 36240 | Vaults:2 | Found a staircase to the Crypt.
 37146 | Vaults:3 | Reached XP level 21. HP: 122/142 MP: 28/31
 39686 | Vaults:4 | Noticed Boris
 39885 | Vaults:4 | Reached XP level 22. HP: 147/151 MP: 32/32
 40110 | Vaults:4 | Killed Boris
 40436 | Depths:1 | Entered Level 1 of the Depths
 40443 | Depths:1 | Noticed Saint Roka
 40580 | D:15     | Killed Saint Roka
 40749 | Depths:1 | Found a gateway to Hell.
 40992 | Depths:1 | Noticed Nikola
 40998 | Depths:1 | Killed Nikola
 41384 | Depths:1 | Reached skill level 15 in Invocations
 41785 | Depths:1 | Noticed Bai Suzhen
 41812 | Depths:1 | Killed Bai Suzhen
 42405 | Depths:1 | Found a one-way gate to the infinite horrors of the Abyss.
 42891 | Depths:2 | Found a magical portal.
 42903 | WizLab   | Entered Cigotuvi's Fleshworks
 43077 | WizLab   | Reached XP level 23. HP: 160/160 MP: 34/34
 43242 | WizLab   | Gained mutation: You are resistant to hostile enchantments. (MR+) [potion of beneficial mutation]
 43243 | WizLab   | Gained mutation: Your flesh is cold resistant. (rC+) [potion of beneficial mutation]
 43399 | WizLab   | Paralysed by a floating eye for 4 turns
 43412 | WizLab   | Paralysed by a floating eye for 4 turns
 43454 | WizLab   | Paralysed by a floating eye for 2 turns
 43501 | WizLab   | Got a shimmering bone ring
 43568 | WizLab   | Identified Sif Muna's Handbook of Transmigration
 43570 | WizLab   | Identified Cigotuvi's Volume of Evil Transformation
 43573 | WizLab   | Identified the Compendium of Transformation
 43587 | WizLab   | Identified the ring of the Crown {rPois rN+ Stlth+} (You found it in a wizard's laboratory)
 43847 | Depths:2 | Found a gateway to a ziggurat.
 44072 | Depths:2 | Noticed a greater mummy
 44080 | Depths:2 | Killed a greater mummy
 44460 | Depths:2 | Noticed a greater mummy
 44463 | Depths:2 | Killed a greater mummy
 44475 | Depths:2 | Got a smoking silver ring
 44478 | Depths:2 | Identified the ring of Wyfik {rElec rPois rF+ MP-9 Str+3} (You took it off a mummy priest on level 2 of the Depths)
 45306 | Depths:3 | Found a one-way gate leading to the halls of Pandemonium.
 45351 | Depths:3 | Noticed Xtahua
 45359 | Depths:3 | Noticed a caustic shrike
 45383 | Depths:2 | Killed a caustic shrike
 45535 | Depths:2 | Killed Xtahua
 45545 | Depths:3 | Noticed a golden dragon
 45594 | Depths:2 | Killed a golden dragon
 46049 | Slime:1  | Entered Level 1 of the Pits of Slime
 46092 | Slime:2  | Reached XP level 24. HP: 168/168 MP: 35/35
 46296 | Slime:4  | Found a viscous altar of Jiyva.
 46621 | Slime:5  | Entered Level 5 of the Pits of Slime
 46875 | Slime:5  | Noticed the Royal Jelly
 46879 | Slime:5  | Paralysed by a great orb of eyes for 5 turns
 47376 | Slime:5  | Found a viscous altar of Jiyva.
 47525 | Slime:5  | Killed the Royal Jelly
 47727 | Slime:5  | Got a slimy rune of Zot
 47758 | Slime:5  | Identified the Disquisition on Calling
 47800 | Slime:5  | Identified a +4 rod of clouds (12/12) (You found it on level 5 of the Pits of Slime)
 47827 | Slime:5  | Got a polished shortbow
 47856 | Slime:5  | Got a dazzling war axe
 47871 | Slime:5  | Got a faintly glowing arbalest
 47913 | Slime:5  | Gained mutation: You are frail. (-10% HP) [a shining eye]
 47914 | Slime:5  | Gained mutation: You are clumsy. (Dex -2) [a shining eye]
 47916 | Slime:5  | Gained mutation: Armour fits poorly on your strangely shaped body. [a shining eye]
 48410 | Crypt:1  | Entered Level 1 of the Crypt
 49255 | Vaults:5 | Entered Level 5 of the Vaults
 49402 | Vaults:5 | Reached XP level 25. HP: 120/158 MP: 20/35
 49572 | Vaults:5 | Got an uncursed polished falchion {speed}
 49599 | Vaults:5 | Noticed an ancient lich
 49599 | Vaults:5 | Reached skill level 15 in Dodging
 49620 | Vaults:5 | Killed an ancient lich
 49912 | Vaults:5 | Noticed an ancient lich
 49926 | Vaults:5 | Killed an ancient lich
 50054 | Vaults:5 | Got a jewelled mace {flame}
 50127 | Vaults:5 | Got a pitted plate armour
 50165 | Vaults:5 | Noticed an ancient lich
 50178 | Vaults:5 | Killed an ancient lich
 50220 | Vaults:5 | Identified the cursed +1 plate armour of Midnight {*Slow rC+ Int+3} (You took it off a vault guard on level 5 of the Vaults)
 50224 | Vaults:5 | Got a crude broad axe {drain}
 50238 | Vaults:5 | Got a polished helmet
 50249 | Vaults:5 | Identified the +1 helmet of Free Expression {rElec} (You found it on level 5 of the Vaults)
 50272 | Vaults:5 | Got a dazzling scale mail
 50306 | Vaults:5 | Got a silver rune of Zot
 50485 | Vaults:5 | Got a pair of faintly humming gloves
 50496 | Vaults:5 | Identified the +2 pair of gloves "Gexileob" {Int+4} (You acquired it on level 5 of the Vaults)
 50515 | Vaults:5 | Got a twitching granite ring
 50520 | Vaults:5 | Identified the ring "Hash" {*Tele rN+ Dex+2} (You took it off a tengu reaver on level 5 of the Vaults)
 50767 | Vaults:5 | Noticed an ancient lich
 50777 | Vaults:5 | Killed an ancient lich
 50777 | Vaults:5 | Reached XP level 26. HP: 167/167 MP: 36/36
 51768 | Crypt:2  | Got an ancient ring mail
 51852 | Crypt:3  | Entered Level 3 of the Crypt
 52653 | Crypt:3  | Found a staircase to the Tomb.
 52659 | Crypt:3  | Noticed an ancient lich
 52661 | Crypt:3  | Noticed an ancient lich
 52676 | Crypt:3  | Killed an ancient lich
 52688 | Crypt:3  | Killed an ancient lich
 52712 | Crypt:3  | Noticed an ancient lich
 52721 | Crypt:3  | Killed an ancient lich
 52744 | Crypt:3  | Got a crude plate armour
 52746 | Crypt:3  | Identified the +7 plate armour of the Morning Star {rElec Regen+} (You found it on level 3 of the Crypt)
 53201 | Crypt:3  | Got a twitching golden ring
 53203 | Crypt:3  | Identified the ring "Obazifan" {MR+ Str+4 Slay+3 SInv} (You found it on level 3 of the Crypt)
 53208 | Crypt:3  | Got an iridescent war axe
 53797 | Depths:3 | Identified the Guide on Toxins and Ice
 53984 | Depths:3 | Noticed Jorgrun
 54000 | Depths:3 | Killed Jorgrun
 54382 | Depths:4 | Noticed a juggernaut
 54383 | Depths:4 | Reached XP level 27. HP: 173/173 MP: 36/36
 54600 | Depths:4 | Killed a juggernaut
 54679 | Depths:4 | Paralysed by a floating eye for 2 turns
 55472 | Depths:5 | Entered Level 5 of the Depths
 55619 | Depths:5 | Noticed a juggernaut
 55641 | Depths:5 | Killed a juggernaut
 55813 | Depths:5 | Learned a level 2 spell: Blink
 55816 | Depths:5 | Learned a level 2 spell: Repel Missiles
 56180 | Depths:5 | Found a gate to the Realm of Zot.
 56409 | Depths:5 | Got a faintly glowing steel amulet
 56410 | Depths:5 | Identified the amulet of Dawn {RegenMP *Corrode Int+5} (You found it on level 5 of the Depths)
 57168 | Elf:1    | Entered Level 1 of the Elven Halls
 57570 | Elf:1    | Got a crude war axe
 57833 | Elf:2    | Found Reismam's Antique Armour Boutique.
 58149 | Elf:2    | Found a runed gate.
 58150 | Elf:2    | Found a runed gate.
 58151 | Elf:2    | Found a runed gate.
 58438 | Elf:2    | Reached skill level 27 in Fighting
 58779 | Elf:3    | Entered Level 3 of the Elven Halls
 59369 | Elf:3    | Identified the Guide on Lucky Envenoming
 59408 | Elf:3    | Got a scorched fustibalus
 59469 | Elf:3    | Got a steaming diamond amulet
 59470 | Elf:3    | Identified the amulet "Zuusag" {Gourm rF+ Int-5 Stlth+} (You found it on level 3 of the Elven Halls)
 59479 | Elf:3    | Learned a level 1 spell: Apportation
 59481 | Elf:3    | Got a distressingly furry robe
 59489 | Elf:3    | Learned a level 2 spell: Swiftness
 59495 | Elf:3    | Got a dazzling great sword
 59918 | Elf:3    | Got a pitted demon trident
 60624 | Vaults:2 | You paid a toll of a +3 storm dragon scales to enter a treasure trove
 60625 | Trove    | Entered a treasure trove
 60664 | Trove    | Identified Sif Muna's Handbook of Creative Snow
 60682 | Trove    | Identified Sif Muna's Almanac of Black Rites and the Entourage
 61002 | Tomb:1   | Entered Level 1 of the Tomb of the Ancients
 61270 | Tomb:1   | Got a pair of spiked boots
 61290 | Tomb:1   | Identified the +0 pair of boots of Ezaillos {Int+4} (You found it on level 1 of the Tomb of the Ancients)
 61416 | Tomb:1   | Got a crystal halberd
 61546 | Tomb:1   | Noticed a greater mummy
 61567 | Tomb:1   | Killed a greater mummy
 61897 | Tomb:2   | Noticed a greater mummy
 61897 | Tomb:2   | Noticed a greater mummy
 61897 | Tomb:2   | Noticed Mennas
 61898 | Tomb:2   | Noticed a greater mummy
 61934 | Tomb:2   | Noticed a greater mummy
 61972 | Tomb:1   | Killed Mennas
 62245 | Tomb:1   | Killed a greater mummy
 62361 | Tomb:2   | Killed a greater mummy
 62365 | Tomb:2   | Killed a greater mummy
 62369 | Tomb:2   | Killed a greater mummy
 62591 | Tomb:2   | Killed Frederick
 62672 | Tomb:1   | Noticed a greater mummy
 62677 | Tomb:1   | Noticed a greater mummy
 62767 | Tomb:1   | Killed a greater mummy
 62772 | Tomb:1   | Killed a greater mummy
 62785 | Tomb:1   | Noticed a greater mummy
 62793 | Tomb:1   | Killed a greater mummy
 62837 | Tomb:1   | Noticed a greater mummy
 62838 | Tomb:1   | Noticed a greater mummy
 62843 | Tomb:1   | Noticed a greater mummy
 62846 | Tomb:1   | Killed a greater mummy
 62850 | Tomb:1   | Killed a greater mummy
 62855 | Tomb:1   | Killed a greater mummy
 62859 | Tomb:1   | Noticed a greater mummy
 62864 | Tomb:1   | Noticed a greater mummy
 62868 | Tomb:1   | Noticed a greater mummy
 62868 | Tomb:1   | Killed a greater mummy
 62874 | Tomb:1   | Killed a greater mummy
 62876 | Tomb:1   | Noticed a greater mummy
 62878 | Tomb:1   | Killed a greater mummy
 62879 | Tomb:1   | Noticed a greater mummy
 62883 | Tomb:1   | Killed a greater mummy
 62890 | Tomb:1   | Killed a greater mummy
 62949 | Tomb:1   | Noticed a greater mummy
 62957 | Tomb:1   | Killed a greater mummy
 62972 | Tomb:1   | Noticed a greater mummy
 62976 | Tomb:1   | Noticed a greater mummy
 62980 | Tomb:1   | Killed a greater mummy
 62981 | Tomb:1   | Noticed a greater mummy
 62989 | Tomb:1   | Killed a greater mummy
 62995 | Tomb:1   | Noticed a greater mummy
 62995 | Tomb:1   | Killed a greater mummy
 63013 | Tomb:1   | Killed a greater mummy
 63190 | Tomb:1   | Noticed a greater mummy
 63197 | Tomb:1   | Killed a greater mummy
 63204 | Tomb:1   | Noticed a greater mummy
 63212 | Tomb:1   | Killed a greater mummy
 63214 | Tomb:1   | Noticed a greater mummy
 63219 | Tomb:1   | Killed a greater mummy
 63422 | Tomb:3   | Entered Level 3 of the Tomb of the Ancients
 63452 | Tomb:3   | Noticed a greater mummy
 63460 | Tomb:3   | Noticed a greater mummy
 63465 | Tomb:3   | Noticed a greater mummy
 63465 | Tomb:3   | Noticed a greater mummy
 63685 | Tomb:2   | Killed a greater mummy
 63698 | Tomb:2   | Killed a greater mummy
 63845 | Tomb:2   | Killed a greater mummy
 63940 | Tomb:2   | Killed a greater mummy
 64343 | Tomb:3   | Noticed a greater mummy
 64345 | Tomb:3   | Noticed a greater mummy
 64358 | Tomb:3   | Noticed a greater mummy
 64359 | Tomb:3   | Killed a greater mummy
 64553 | Tomb:2   | Killed a greater mummy
 64620 | Tomb:3   | Killed a greater mummy
 64629 | Tomb:3   | Noticed a greater mummy
 64636 | Tomb:3   | Noticed a greater mummy
 64641 | Tomb:3   | Killed a greater mummy
 64807 | Tomb:3   | Killed a greater mummy
 64938 | Tomb:3   | Got a bloodstained rapier
 64960 | Tomb:3   | Got an encrusted shortbow
 65097 | Tomb:3   | Got a golden rune of Zot
 65239 | Tomb:3   | Identified Sif Muna's Volume of the Glacier and Moulding
 65269 | Tomb:3   | Identified Sif Muna's Volume of the Aerial Compass
 65306 | Tomb:3   | Got a smoking hunting sling
 66325 | Hell     | Entered the Vestibule of Hell
 66325 | Hell     | Noticed Geryon
 66680 | Hell     | Killed Geryon
 66724 | Hell     | Found a gateway to the decaying netherworld of Tartarus.
 66834 | Hell     | Found a gateway to the freezing wastes of Cocytus.
 66954 | Hell     | Found a gateway to the Iron City of Dis.
 67039 | Hell     | Found a gateway to the ashen valley of Gehenna.
 67213 | Pan      | Entered Pandemonium
 67213 | Pan      | Found an exit through the horrors of the Abyss.
 67282 | Pan      | Got an ancient spear
 67429 | Pan      | Noticed Qury the pandemonium lord
 67450 | Pan      | Killed Qury the pandemonium lord
 67900 | Pan      | Gained mutation: [Potions and wands are less effective at restoring your health.] [a neqoxec]
 67906 | Pan      | Gained mutation: [Your spells are a little easier to cast, but a little less powerful.] [a neqoxec]
 67910 | Pan      | Noticed Nehatag the pandemonium lord
 67931 | Pan      | Killed Nehatag the pandemonium lord
 68072 | Pan      | Found an exit through the horrors of the Abyss.
 68341 | Pan      | Found an exit through the horrors of the Abyss.
 68347 | Pan      | Noticed Qooboeq the pandemonium lord
 68370 | Pan      | Killed Qooboeq the pandemonium lord
 68752 | Pan      | Found an exit through the horrors of the Abyss.
 68806 | Pan      | Noticed Kiopreo the pandemonium lord
 68806 | Pan      | Gained mutation: [Scrolls take you a little longer to read.] [a neqoxec]
 68816 | Pan      | Killed Kiopreo the pandemonium lord
 69220 | Pan      | Found an exit through the horrors of the Abyss.
 69484 | Pan      | Found an exit through the horrors of the Abyss.
 69708 | Pan      | Noticed Wuriov the pandemonium lord
 69731 | Pan      | Killed Wuriov the pandemonium lord
 69928 | Pan      | Found a runed door.
 70060 | Pan      | Got a demonic rune of Zot
 70324 | Pan      | Entered the realm of Cerebov.
 70692 | Pan      | Found an exit through the horrors of the Abyss.
 71203 | Pan      | Noticed Cerebov
 71560 | Pan      | Got a polished demon trident {drain}
 71639 | Pan      | Killed Cerebov
 71723 | Pan      | Got a flickering copper amulet
 71726 | Pan      | Identified the amulet "Guwkurch" {Inacc Dex+6} (You found it in Pandemonium)
 71750 | Pan      | Got a fiery rune of Zot
 71766 | Pan      | Got a pitted morningstar {freeze}
 71770 | Pan      | Got a silken robe
 71893 | Pan      | Found an exit through the horrors of the Abyss.
 72009 | Pan      | Noticed Vajair the pandemonium lord
 72019 | Pan      | Killed Vajair the pandemonium lord
 72039 | Pan      | Reached skill level 27 in Armour
 72100 | Pan      | Noticed Qunihyzo the pandemonium lord
 72276 | Pan      | Found an exit through the horrors of the Abyss.
 72385 | Pan      | Noticed Tatsuz the pandemonium lord
 72397 | Pan      | Killed Tatsuz the pandemonium lord
 72438 | Pan      | Gained mutation: You are dopey. (Int -2) [a cacodemon]
 72492 | Pan      | Entered the realm of Lom Lobon.
 72580 | Pan      | Found an exit through the horrors of the Abyss.
 72964 | Pan      | Got a heavily runed crystal plate armour
 72979 | Pan      | Identified the +6 crystal plate armour "Conefaoss" {Int+4} (You acquired it in Pandemonium)
 73541 | Pan      | Got a jewelled plate armour
 73556 | Pan      | Noticed Lom Lobon
 73902 | Pan      | Killed Lom Lobon
 73928 | Pan      | Got a magical rune of Zot
 73996 | Pan      | Reached skill level 5 in Evocations
 74304 | Pan      | Noticed Rueph the pandemonium lord
 74320 | Pan      | Killed Rueph the pandemonium lord
 74601 | Pan      | Found an exit through the horrors of the Abyss.
 74705 | Pan      | Found a runed door.
 74706 | Pan      | Found a runed door.
 74724 | Pan      | Found a runed door.
 74734 | Pan      | Found a runed door.
 74842 | Pan      | Gained mutation: [Potions and wands are poor at restoring your health.] [a cacodemon]
 74854 | Pan      | Gained mutation: You are very frail. (-20% HP) [a cacodemon]
 75005 | Pan      | Gained mutation: You are very clumsy. (Dex -4) [a neqoxec]
 75088 | Pan      | Found an exit through the horrors of the Abyss.
 75096 | Pan      | Gained mutation: Your magical capacity is low. (-10% MP) [a neqoxec]
 75104 | Pan      | Found an exit through the horrors of the Abyss.
 75182 | Pan      | Gained mutation: You are very dopey. (Int -4) [a cacodemon]
 75309 | Pan      | Found an exit through the horrors of the Abyss.
 75438 | Pan      | Reached skill level 27 in Invocations
 75487 | Pan      | Noticed Duraiff the pandemonium lord
 75507 | Pan      | Killed Duraiff the pandemonium lord
 75708 | Pan      | Got a fine copper ring
 75713 | Pan      | Identified the ring of Tamis {+Fly rElec MR+ Str-2 SInv} (You found it in Pandemonium)
 75721 | Pan      | Reached skill level 10 in Evocations
 75745 | Pan      | Noticed Qaicw the pandemonium lord
 75751 | Pan      | Noticed Boidghua the pandemonium lord
 75948 | Pan      | Noticed Zibybet the pandemonium lord
 75958 | Pan      | Killed Zibybet the pandemonium lord
 76072 | Pan      | Found an exit through the horrors of the Abyss.
 76261 | Pan      | Found an exit through the horrors of the Abyss.
 76271 | Pan      | Gained mutation: You are extremely frail. (-30% HP) [a cacodemon]
 76818 | Pan      | Found an exit through the horrors of the Abyss.
 77128 | Pan      | Noticed Qaicles the pandemonium lord
 77148 | Pan      | Killed Qaicles the pandemonium lord
 77202 | Pan      | Got a warped ring mail
 77368 | Pan      | Noticed Xiso the pandemonium lord
 77379 | Pan      | Killed Xiso the pandemonium lord
 77429 | Pan      | Entered the realm of Gloorx Vloq.
 77879 | Pan      | Noticed Gloorx Vloq
 77893 | Pan      | Killed Gloorx Vloq
 78029 | Pan      | Got a dark rune of Zot
 78447 | Pan      | Found an exit through the horrors of the Abyss.
 78577 | Pan      | Found an exit through the horrors of the Abyss.
 78632 | Pan      | Reached skill level 15 in Evocations
 78738 | Pan      | Noticed Wuigus the pandemonium lord
 78750 | Pan      | Killed Wuigus the pandemonium lord
 78945 | Pan      | Found an exit through the horrors of the Abyss.
 78969 | Pan      | Entered the realm of Mnoleg.
 79171 | Pan      | Gained mutation: Your magical capacity is very low. (-20% MP) [a neqoxec]
 79177 | Pan      | Lost mutation: [Scrolls take you a little longer to read.] [a neqoxec]
 79194 | Pan      | Gained mutation: [Potions and wands cannot restore your health.] [a neqoxec]
 79303 | Pan      | Gained mutation: You are weak. (Str -2) [a neqoxec]
 79304 | Pan      | Gained mutation: Your magical capacity is extremely low. (-30% MP) [a neqoxec]
 79319 | Pan      | Lost mutation: You possess an exceptional clarity of mind. [a neqoxec]
 79406 | Pan      | Gained mutation: You are very weak. (Str -4) [a neqoxec]
 79417 | Pan      | Found an exit through the horrors of the Abyss.
 79429 | Pan      | Gained mutation: [You are occasionally teleported next to monsters.] [a neqoxec]
 79431 | Pan      | Gained mutation: [You tend to lose your temper in combat.] [a neqoxec]
 79658 | Pan      | Noticed Mnoleg
 79668 | Pan      | Killed Mnoleg
 79683 | Pan      | Got a glowing rune of Zot
 79734 | Pan      | Took an exit into the Abyss.
 79734 | Abyss:1  | Escaped into the Abyss
 80388 | Abyss:1  | Found a hide-covered altar of Uskayaw.
 80510 | Abyss:2  | Got a translucent long sword
 80755 | Abyss:3  | Found a corrupted altar of Lugonu.
 80757 | Abyss:3  | Found a corrupted altar of Lugonu.
 80790 | Abyss:3  | Found a deep blue altar of Sif Muna.
 81242 | Abyss:5  | Entered Level 5 of the Abyss
 81416 | Abyss:5  | Gained mutation: You sometimes yell uncontrollably at your foes. [a neqoxec]
 81460 | Abyss:5  | Paralysed by accursed screaming for 2 turns
 81464 | Abyss:5  | Paralysed by accursed screaming for 1 turns
 81490 | Abyss:5  | Gained mutation: [Scrolls take you much longer to read.] [a neqoxec]
 81511 | Abyss:5  | Lost mutation: [Potions and wands cannot restore your health.] [a neqoxec]
 81656 | Abyss:5  | Found a corrupted altar of Lugonu.
 82044 | Abyss:5  | Found a corrupted altar of Lugonu.
 82136 | Abyss:5  | Paralysed by accursed screaming for 1 turns
 82258 | Abyss:5  | Found a corrupted altar of Lugonu.
 82412 | Abyss:5  | Gained mutation: You frequently scream uncontrollably at your foes. [a neqoxec]
 82478 | Abyss:5  | Paralysed by accursed screaming for 2 turns
 82484 | Abyss:5  | Paralysed by accursed screaming for 2 turns
 82492 | Abyss:5  | Paralysed by accursed screaming for 2 turns
 82501 | Abyss:5  | Killed from afar by a starcursed mass

Skill      XL: |  1  2  3  4  5  6  7  8  9 10 11 12 13 14 15 16 17 18 19 20 21 22 23 24 25 26 27 |
---------------+----------------------------------------------------------------------------------+-----
Maces & Flails | 4 5 7 8 10 11 12 14 16 19 20 24 | 24.9
Shields        | 2 3 |  3.3
Armour         | 4 7 9 11 12 13 14 15 16 17 18 19 20 21 27 | 27.0
Fighting       | 4 7 10 11 12 13 15 17 18 19 21 22 23 24 25 27 | 27.0
Dodging        | 3 6 8 9 10 11 12 13 14 15 16 25 | 25.5
Evocations     | 2 18 | 18.0
Invocations    | 6 7 8 9 10 12 13 14 15 16 17 18 19 27 | 27.0
Throwing       | |  1.7

Action                   |  1- 3 |  4- 6 |  7- 9 | 10-12 | 13-15 | 16-18 | 19-21 | 22-24 | 25-27 || total
-------------------------+-------+-------+-------+-------+-------+-------+-------+-------+-------++-------
Melee: Flail             |    73 |   185 |    53 |    30 |     4 |       |       |       |       ||   345
       Whip              |       |       |   237 |   687 |   763 |       |       |       |       ||  1687
       Dire flail        |       |       |       |       |   475 |       |       |       |       ||   475
       Great mace        |       |       |       |       |   311 |  1054 |  1311 |  1705 |  5944 || 10325
       Unarmed           |       |       |       |       |     1 |       |       |       |       ||     1
Throw: Throwing net      |       |       |       |       |     1 |       |       |       |       ||     1
 Cast: Repel Missiles    |       |       |       |       |       |       |       |       |     1 ||     1
Invok: Summon Divine War |       |       |       |       |     3 |     4 |     8 |    14 |    18 ||    47
       Brand Weapon With |       |       |       |       |     1 |       |       |       |       ||     1
       Divine Shield     |       |       |       |       |       |       |    11 |    17 |    42 ||    70
       Cleansing Flame   |       |       |       |       |       |       |     3 |     2 |    14 ||    19
 Abil: Evoke Berserk Rag |       |     4 |     2 |     5 |     2 |       |       |       |       ||    13
       Fly               |       |       |       |       |       |     1 |       |       |     1 ||     2
       Stop Flying       |       |       |       |       |       |       |       |       |     1 ||     1
Evoke: Wand              |       |       |       |     1 |     3 |     8 |     3 |     8 |    22 ||    45
       Sack of spiders   |       |       |       |       |     1 |     1 |       |       |       ||     2
  Use: Scroll            |     2 |     3 |     8 |    14 |    18 |    10 |    11 |    23 |    31 ||   120
       Potion            |       |       |       |     5 |     1 |     1 |     5 |     4 |     5 ||    21
 Stab: Paralysed         |       |       |       |     2 |       |       |       |       |     1 ||     3
       Distracted        |       |       |       |       |       |       |       |       |     2 ||     2
  Eat: Chunk             |       |     8 |    12 |    18 |    40 |    29 |    31 |    20 |    38 ||   196
       Beef jerky        |       |       |       |     1 |     2 |     1 |       |     9 |     9 ||    22
       Royal jelly       |       |       |       |       |     3 |     1 |       |     1 |       ||     5
       Pizza             |       |       |       |       |       |     4 |     1 |     1 |       ||     6
       Meat ration       |       |       |       |       |       |       |       |       |    15 ||    15
Armor: Leather armour    |    42 |    78 |    17 |       |       |       |       |       |       ||   137
       Chain mail        |       |       |    55 |   308 |   663 |   782 |   577 |   637 |       ||  3022
       Gold dragon scale |       |       |       |       |       |       |       |   711 |  3944 ||  4655
Dodge: Dodged            |    61 |   150 |    75 |   219 |   659 |   815 |   830 |  1576 |  5879 || 10264
       Deflected         |       |       |       |       |       |       |       |       |     1 ||     1
Block: Buckler           |       |    13 |    25 |    99 |   111 |       |       |       |       ||   248
       Other             |       |       |       |       |       |       |   108 |   324 |   945 ||  1377
